 Dungeon Crawl Stone Soup version 0.18.1-48-g4cf74bf (webtiles) character file.

35 atgrul the Conjurer (level 3, -3/27 HPs)
             Began as a Draconian Conjurer on Aug 24, 2016.
             Slain by a gnoll
             ... wielding a +0 flail
              (12 damage)
             ... on level 1 of the Dungeon.
             The game lasted 00:03:12 (1209 turns).

atgrul the Conjurer (Draconian Conjurer)            Turns: 1209, Time: 00:03:13

Health: -3/27      AC:  5    Str: 11    XL:     3   Next: 17%
Magic:  1/6        EV: 12    Int: 15    God:
Gold:   86         SH:  0    Dex: 11    Spells: 1 memorised, 5 levels left

rFire  . . .     SeeInvis .     g - +0 club
rCold  . . .     Gourm    .     (armour unavailable)
rNeg   . . .     Faith    .     (no shield)
rPois  .         Spirit   .     (helmet restricted)
rElec  .         Dismiss  .     (no cloak)
rCorr  .         Reflect  .     (no gloves)
SustAt .         Harm     .     (no boots)
MR     .....                    (no amulet)
Stlth  ++........               (no ring)
                                (no ring)

@: not resistant to hostile enchantments, unstealthy
A: unfitting armour, cold-blooded, AC +5
a: no special abilities


You were on level 1 of the Dungeon.
You were near starving.

You visited 1 branch of the dungeon, and saw 2 of its levels.

You collected 86 gold pieces.

Inventory:

Hand Weapons
 g - a +0 club (weapon)
Scrolls
 d - 2 scrolls of identify {unknown}
 i - a scroll of immolation {unknown}
 k - a scroll of magic mapping {unknown}
 l - a scroll of blinking {unknown}
Potions
 c - 2 potions of haste {unknown}
 e - a potion of flight {unknown}
 h - a potion of might {unknown}
 j - 2 potions of curing {unknown}
Books
 a - a book of Conjurations

   Spells                             Type                      Level
   a - Magic Dart                     Conjuration                  1
   b - Searing Ray                    Conjuration                  2
   c - Dazzling Spray                 Conjuration/Hexes            3
   d - Fulminant Prism                Conjuration/Hexes            4
   e - Iskenderun's Mystic Blast      Conjuration                  4
   f - Iskenderun's Battlesphere      Conjuration/Charms           5
Comestibles
 b - a bread ration


   Skills:
 * Level 0.4 Fighting
 + Level 0.2 Maces & Flails
 - Level 1.8 Dodging
 - Level 1.7 Stealth
 + Level 2.2 Spellcasting
 + Level 4.8 Conjurations


You had 5 spell levels left.
You knew the following spells:

 Your Spells              Type           Power        Failure   Level  Hunger
a - Magic Dart            Conj           ###.         3%          1    #......


Dungeon Overview and Level Annotations

Branches:
Dungeon (2/15)

Altars:


Innate Abilities, Weirdness & Mutations

Your plain brown scales are hard (AC +5).
Your body does not fit into most forms of armour.
You are cold-blooded and may be slowed by cold attacks.


Message History

Press: ? - help, Shift-Dir - straight line, f/p - gnoll
Aim: a gnoll, wielding a flail (severely wounded)
The magic dart hits the gnoll.
The gnoll is severely wounded.
The gnoll hits you with a flail!
* * * LOW HITPOINT WARNING * * *
Casting: Magic Dart
Confirm with . or Enter, or press ? or * to list all spells.
Aiming: Magic Dart
Press: ? - help, Shift-Dir - straight line, f/p - gnoll
Aim: a gnoll, wielding a flail (severely wounded)
The magic dart hits the gnoll.
The gnoll is severely wounded.
You are near starving!
The gnoll closely misses you.
You see here a club.
You hit the gnoll but do no damage.
The gnoll is severely wounded.
The gnoll hits you with a flail!
You die...

#..#.###.#.##########
#(.#.#$#.#.##........
#..#.###.#.##.#######
#(..........#.#......
#..#.###.#....#.#####
#...........#.#.#....
#.#######...#.#......
#.###########.#......
#..g@..# #.#......
######.# #.#......
#.######.#......
#...............
#.....).((......
#.....†.....(...
#..........#####
#..........# #
#.########## #


You could see a gnoll.

Vanquished Creatures
  2 dart slugs (D:1)
  A giant gecko (D:1)
  5 bats
  A giant cockroach (D:1)
  5 hobgoblins (D:1)
  2 quokkas (D:2)
  2 giant newts
  2 goblins (D:1)
  6 kobolds
  4 rats
30 creatures vanquished.

Notes
Turn   | Place    | Note
--------------------------------------------------------------
     0 | D:1      | atgrul the Draconian Conjurer began the quest for the Orb.
     0 | D:1      | Reached XP level 1. HP: 14/14 MP: 3/3
   362 | D:1      | Reached XP level 2. HP: 12/20 MP: 5/5
   858 | D:1      | Reached XP level 3. HP: 22/27 MP: 4/6
  1209 | D:1      | Slain by a gnoll

Action                   || total
-------------------------++-------
Melee: Club              ||   105
       Unarmed           ||     9
       Tailslap          ||     9
 Cast: Magic Dart        ||    21
 Stab: Sleeping          ||     2
Armor: Skin              ||    49
Dodge: Dodged            ||   123
